Map: Crimson Court LE

Players

Deroke

  • Race: Protoss Protoss
  • League: Master
  • Spawn Location: 7:00

BroodWar - Winner!

  • Race: Protoss Protoss
  • League: Master
  • Spawn Location: 1:00

VOD

Have the link to the VOD?

Description

Time

  • Played on: June 27, 2024, 6:19 a.m.
  • Length: 4:41
Show
View Real Time Build Order
Export as new Build Order

Deroke Protoss 

Build Orders:  

Get SALT Encoding   

  12  0:00  Probe  
  13  0:12  Probe  
  14  0:17  Pylon  
  14  0:24  Probe  
  15  0:36  Probe (Chrono Boost)  
  15  0:37  Gateway  
  16  0:48  Assimilator  
  16  0:49  Probe (Chrono Boost)  
  17  0:55  Probe (Chrono Boost)  
  18  0:57  Assimilator  
  18  1:03  Probe  
  19  1:08  Gateway  
  19  1:15  Probe  
  20  1:27  Probe  
  20  1:29  Cybernetics Core  
  21  1:34  Pylon  
  21  1:39  Probe  
  22  1:53  Probe  
  23  2:03  Stalker x2 (Chrono Boost)  
  23  2:06  Warp Gate  
  27  2:15  Robotics Facility  
  27  2:19  Shield Battery  
  27  3:05  Pylon  
  27  3:08  Nexus  
  27  3:09  Pylon  
  27  3:22  Nexus  
  27  3:23  Probe  
  28  3:44  Shield Battery  
  28  3:48  Gateway  
  28  3:49  Gateway, Shield Battery  
  28  3:54  Pylon  
  28  3:55  Sentry  
  30  4:04  Pylon x2  
  23  4:25  Pylon  
Show
View Real Time Build Order
Export as new Build Order

BroodWar Protoss - Winner!

Build Orders:  

Get SALT Encoding   

  12  0:01  Probe  
  13  0:13  Probe  
  14  0:19  Pylon  
  14  0:25  Probe  
  15  0:38  Gateway, Probe (Chrono Boost)  
  16  0:48  Probe (Chrono Boost), Assimilator  
  17  0:53  Probe (Chrono Boost)  
  19  1:04  Probe  
  19  1:16  Probe  
  20  1:20  Gateway  
  20  1:22  Gateway  
  20  1:27  Cybernetics Core  
  20  1:30  Probe  
  21  1:41  Pylon  
  21  1:42  Probe  
  22  1:50  Assimilator  
  22  1:54  Probe  
  23  2:04  Stalker (Chrono Boost)  
  23  2:05  Stalker (Chrono Boost)  
  29  2:17  Stalker (Chrono Boost)  
  29  2:20  Pylon  
  29  2:23  Probe  
  30  2:36  Stalker  
  31  2:38  Stalker  
  33  2:47  Stalker  
  35  3:13  Nexus  
  35  3:24  Stargate  
  35  3:32  Probe  
  36  3:42  Pylon  
  36  3:44  Probe  
  37  3:56  Stalker  
  37  4:00  Stalker  
  37  4:01  Stalker  
  42  4:20  Probe  
  43  4:24  Probe  
Tags
 
Add a new tag
Caveats
  • Supply blocks, unpowered buildings, or Contaminate may cause inaccurate times.
  • Supply counts are checked every 10 seconds.